 Dungeon Crawl Stone Soup version 0.31.0-9-g3a7656b989 (webtiles) character file.

Game seed: 7769361778749352884

126 Conn the Sneak (level 5, 0/31 HPs)
             Began as an Octopode Fire Elementalist on Jan 27, 2024.
             Incinerated by a bombardier beetle (5 damage)
             ... with a burning spray
             ... on level 3 of the Dungeon.
             The game lasted 00:03:36 (3727 turns).

Conn the Sneak (Octopode Fire Elementalist)         Turns: 3727, Time: 00:03:37

Health: 0/31       AC:  1    Str:  4 (7)  XL:     5   Next: 9%
Magic:  1/9        EV: 13    Int: 24 (25) God:
Gold:   164        SH:  0    Dex: 12 (13) Spells: 3/9 levels left

rFire   . . .        (no weapon)
rCold   . . .        (no shield)
rNeg    . . .        (helmet restricted)
rPois   +            g - amulet of the acrobat
rElec   .            c - +6 ring of intelligence
rCorr   .            m - ring of poison resistance
SInv    .            (no ring)
Will    .....        (no ring)
Stlth   ++           (no ring)
HPRegen 0.25/turn    (no ring)
MPRegen 0.11/turn    (no ring)
                     (no ring)

%: acrobat
@: on fire, glowing
A: almost no armour, amphibious, 8 rings, camouflage 1, gelatinous body 1,
(nimble swimmer 1), tentacles
a: no special abilities


You were on level 3 of the Dungeon.
You visited 1 branch of the dungeon, and saw 4 of its levels.

You collected 164 gold pieces.

Inventory:

Jewellery
 c - a +6 ring of intelligence (left tentacle)
 g - an amulet of the acrobat (around mantle)
 m - a ring of poison resistance (right tentacle)
Wands
 f - a wand of flame (29)
 k - a wand of polymorph (4)
Scrolls
 b - 2 scrolls of blinking {unknown}
 d - 2 scrolls of immolation {unknown}
 e - a scroll of identify {unknown}
 j - a scroll of brand weapon {unknown}
Potions
 a - 2 potions of magic
 h - a potion of heal wounds {unknown}
 i - a potion of haste {unknown}
 l - a potion of degeneration


   Skills:
 + Level 2.8 Dodging
 + Level 4.0 Stealth
 + Level 2.8 Spellcasting
 + Level 2.1 Conjurations
 + Level 3.6 Fire Magic


You had 3 spell levels left.
You knew the following spells:

 Your Spells              Type           Power      Damage    Failure   Level
a - Foxfire               Conj/Fire      68%        2x1d7     3%          1
b - Scorch                Fire           40%        2d6       3%          2
c - Inner Flame           Hex/Fire       12%        N/A       16%         3

Your spell library contained the following spells:

 Spells                   Type           Power      Damage    Failure   Level
 Volatile Blastmotes      Fire/Tloc      24%        2d12      16%         3
 Flame Wave               Conj/Fire      17%        2d7       32%         4


Dungeon Overview and Level Annotations

Branches:
Dungeon (4/15)
 Temple: D:4-7

Altars:
Elyvilon
Makhleb
Okawaru
Qazlal
Wu Jian
Zin

Annotations:
D:3 2 transporters, Skimidon's ghost, weakling HuDe


Innate Abilities, Weirdness & Mutations

You cannot wear most types of armour.
You are amphibious.
You can wear up to eight rings at the same time.
Your skin changes colour to match your surroundings (Stealth+).
Your rubbery body absorbs attacks. (AC +1, EV +1)
((You are camouflaged when in or above water. (Stealth+)))
You have tentacles for arms and can constrict up to eight enemies at once.


Message History

Flames lash the bombardier beetle but do no damage.
The foxfire hits the bombardier beetle but does no damage.
The bombardier beetle is severely wounded.
The foxfire hits the bombardier beetle.
The bombardier beetle is almost dead.
The bombardier beetle sprays incendiary fluid at you.
The burning spray hits you.
You are covered in liquid fire!
Casting: Scorch (safe; 3% risk of failure)
Confirm with . or Enter, or press ? or * to list all spells.
Flames lash the bombardier beetle.
You kill the bombardier beetle!
The liquid fire burns you!
A giant cockroach comes into view.
Your Stealth skill increases to level 4!
You have reached level 5!
You feel agile.
Unknown command.
Casting: Scorch (safe; 3% risk of failure)
Confirm with . or Enter, or press ? or * to list all spells.
You conjure some foxfire!
The liquid fire burns you!
Unknown command.
Unknown command.
The liquid fire burns you!
The foxfire hits the giant cockroach.
The giant cockroach is almost dead.
The foxfire hits the giant cockroach.
You kill the giant cockroach!
The liquid fire burns you!
You shake off some of the fire as you move.
You climb upwards.
Level annotation: 2 transporters, Skimidon's ghost, weakling HuDe The liquid fire burns you!
* * * LOW HITPOINT WARNING * * *
There is a stone staircase leading down here.
It was a potion of degeneration.
There was something very wrong with that liquid.
You feel weakened.
You feel dopey.
You feel clumsy. The liquid fire burns you!
You die...

...# #.#.#.).....###...#.#
...#######.#†#.#...........#.#
...........#.#.....#)###.#.#.#
############.#.........#.#.#.#
.............#.........#.#^#.#
###################.#.##.#.#.#
.........................#.#.#
######################.###.#.#
................@..........#.#
#######.####.#..........####.#
#...#####..###########.#
###......................#
#........################# ###
#.≈.8.≈..# ..###.≈...≈..#
#.##..≈≈.≈≈..######
#.##..≈≈.≈≈.......##


There were no monsters in sight!

Vanquished Creatures
  A bombardier beetle (D:4)
  2 adders (D:3)
  3 gnolls (D:3)
  A dart slug (D:1)
  An orc (D:3)
  6 bats
  7 endoplasms
  2 giant cockroaches
  3 goblins
  2 hobgoblins (D:1)
  5 jackals (D:3)
  2 quokkas
  5 ball pythons
  2 frilled lizards
  2 kobolds
  3 rats
47 creatures vanquished.

Vanquished Creatures (others)
  159 foxfires
159 creatures vanquished.

Grand Total: 206 creatures vanquished

Notes
Turn   | Place    | Note
-------+----------+-------------------------------------------
     0 | D:1      | Conn the Octopode Fire Elementalist began the quest for the
                  | Orb.
     0 | D:1      | Reached XP level 1. HP: 11/11 MP: 3/3
   451 | D:1      | Reached XP level 2. HP: 17/17 MP: 1/5
   665 | D:1      | Reached skill level 3 in Stealth
  1453 | D:2      | Reached XP level 3. HP: 21/21 MP: 3/6
  1680 | D:2      | Found a glowing silver altar of Zin.
  1906 | D:2      | Found a faded altar of an unknown god.
  2421 | D:3      | Learned a level 2 spell: Scorch
  2426 | D:3      | Learned a level 3 spell: Inner Flame
  2458 | D:3      | Found an iron altar of Okawaru.
  2497 | D:3      | Found a burning altar of Makhleb.
  2500 | D:3      | Found a stormy altar of Qazlal.
  2568 | D:3      | Found a white marble altar of Elyvilon.
  2828 | D:3      | Found a transporter.
  2828 | D:3      | Noticed Skimidon's ghost (weakling HuDe)
  2832 | D:3      | Found a transporter.
  2849 | D:3      | Noticed a black bear
  3056 | D:3      | Reached XP level 4. HP: 15/27 MP: 2/7
  3406 | D:3      | Found an ornate altar of the Wu Jian Council.
  3723 | D:4      | Reached skill level 4 in Stealth
  3723 | D:4      | Reached XP level 5. HP: 26/31 MP: 1/9
  3727 | D:3      | Incinerated by a bombardier beetle

Illustrated notes

Levels and vault maps discovered:
D:1:      minmay_arrival_radiant_lines, layout_loops_corners,
          nicolae_houndstooth_variations
D:2:      layout_basic, basic_altar, shapermc_ecumenical_altar_mp_ritualfount,
          nicolae_elevator_lobby_asterisk
D:3:      layout_basic, mainiacjoe_overflow_catwalk, old_standard_altar,
          marbit_many_paths, chequers_temple_overflow_statue_of_worship,
          gammafunk_ghost_arena
D:4:      layout_rooms, tso_altar, minmay_temple_entry_sparse_star

Skill      XL: |  1  2  3  4 |
---------------+-------------+-----
Stealth        | 3 4 |  4.0
Conjurations   | 2 |  2.1
Dodging        | |  2.8
Spellcasting   | |  2.8
Fire Magic     | |  3.6

Action                     |  1- 3 |  4- 6 || total
---------------------------+-------+-------++-------
  Melee: Unarmed           |    20 |     8 ||    28
         Constrict         |     2 |     2 ||     4
         Punch             |     1 |       ||     1
         Tentacles         |     8 |     2 ||    10
   Cast: Foxfire           |    71 |    22 ||    93
         Scorch            |     2 |     3 ||     5
    Use: Potion            |       |     1 ||     1
   Stab: Sleeping          |     3 |       ||     3
 Armour: Skin              |    11 |     5 ||    16
  Dodge: Dodged            |    16 |     3 ||    19
